Map: Deathaura LE

Players

zumpy - Winner!

  • Race: Protoss Protoss
  • League: Master
  • Spawn Location: 11:00

CholmesInk

  • Race: Zerg Zerg
  • League: Diamond
  • Spawn Location: 5:00

VOD

Have the link to the VOD?

Description

Time

  • Played on: Jan. 21, 2021, 1:58 p.m.
  • Length: 8:39
Show
View Real Time Build Order
Export as new Build Order

zumpy Protoss - Winner!

Build Orders:  

Get SALT Encoding   

  12  0:00  Probe  
  13  0:12  Probe  
  14  0:17  Pylon  
  14  0:24  Probe (Chrono Boost)  
  15  0:36  Probe (Chrono Boost)  
  15  0:38  Gateway  
  16  0:44  Probe (Chrono Boost)  
  16  0:47  Assimilator  
  17  0:51  Probe  
  18  1:03  Probe  
  19  1:15  Probe  
  20  1:26  Cybernetics Core  
  20  1:29  Zealot (Chrono Boost)  
  22  1:34  Pylon  
  22  1:47  Nexus  
  22  1:54  Probe  
  23  1:59  Assimilator  
  22  2:02  Adept (Chrono Boost)  
  22  2:06  Probe  
  25  2:18  Probe  
  25  2:20  Robotics Facility  
  26  2:30  Probe  
  26  2:31  Warp Gate  
  26  2:36  Adept  
  29  2:42  Probe  
  30  2:54  Probe  
  30  2:56  Shield Battery  
  31  3:00  Probe  
  32  3:06  Probe, Shield Battery  
  32  3:12  Probe  
  34  3:18  Probe  
  34  3:19  Immortal (Chrono Boost)  
  35  3:21  Sentry (Chrono Boost)  
  41  3:38  Probe  
  40  3:43  Probe, Gateway  
  41  3:50  Probe  
  41  3:51  Pylon  
  43  3:58  Probe  
  43  3:59  Assimilator  
  43  4:00  Observer (Chrono Boost)  
  43  4:01  Assimilator  
  44  4:03  Pylon  
  44  4:11  Robotics Bay  
  44  4:17  Probe  
  44  4:18  Probe  
  44  4:19  Warp Prism (Chrono Boost)  
  48  4:24  Stalker  
  50  4:32  Probe (Chrono Boost)  
  51  4:40  Sentry  
  51  4:41  Probe (Chrono Boost)  
  55  4:47  Pylon  
  55  4:48  Pylon  
  55  4:49  Probe (Chrono Boost)  
  55  4:51  Probe (Chrono Boost)  
  56  4:56  Probe x2 (Chrono Boost)  
  58  5:09  Disruptor (Chrono Boost)  
  58  5:12  Gravitic Drive  
  58  5:14  Probe x2  
  63  5:22  Pylon  
  63  5:24  Gateway  
  63  5:25  Gateway  
  63  5:26  Probe  
  64  5:29  Gateway  
  64  5:32  Sentry  
  64  5:35  Disruptor (Chrono Boost)  
  69  5:47  Probe, Sentry  
  72  6:02  Gateway  
  72  6:03  Colossus (Chrono Boost)  
  72  6:05  Gateway  
  72  6:06  Gateway  
  72  6:09  Extended Thermal Lance  
  78  6:21  Sentry  
  80  6:35  Pylon  
  80  6:37  Pylon  
  80  6:38  Pylon  
  80  6:41  Pylon, Colossus (Chrono Boost)  
  86  6:58  Stalker  
  86  6:59  Stalker x5  
  98  7:02  Stalker x2  
  98  7:08  Pylon  
  102  7:24  Stalker  
  102  7:25  Stalker x4  
  112  7:56  Stalker x7  
  126  8:02  Pylon  
  126  8:04  Pylon  
Show
View Real Time Build Order
Export as new Build Order

CholmesInk Zerg 

Build Orders: Pool First 

Get SALT Encoding   

  12  0:00  Drone  
  13  0:22  Spawning Pool  
  12  0:29  Overlord  
  12  0:35  Drone  
  12  0:38  Drone  
  14  0:47  Drone, Extractor  
  14  0:55  Drone  
  15  1:09  Queen  
  15  1:10  Zergling x2  
  18  1:14  Zergling x2  
  19  1:24  Zergling x2  
  20  1:42  Hatchery  
  19  1:51  Metabolic Boost  
  19  1:55  Zergling x2  
  20  2:09  Zergling x4  
  22  2:23  Overlord x2  
  22  2:41  Queen  
  22  2:43  Drone  
  25  2:44  Drone x2  
  26  3:13  Zergling x8  
  26  3:14  Zergling x4  
  32  3:22  Spine Crawler  
  31  3:40  Drone x4  
  35  3:55  Drone x5  
  38  3:56  Drone x2  
  42  4:06  Queen  
  42  4:08  Overlord  
  43  4:23  Spore Crawler  
  42  4:25  Queen, Spore Crawler  
  45  4:32  Drone  
  45  4:33  Drone  
  45  4:34  Drone x4  
  45  4:35  Extractor  
  45  4:37  Overlord  
  50  4:38  Overlord  
  50  4:59  Lair  
  50  5:01  Hatchery  
  49  5:11  Drone  
  49  5:12  Drone x9  
  59  5:14  Spore Crawler  
  59  5:15  Spore Crawler  
  57  5:29  Extractor  
  57  5:30  Extractor  
  55  5:37  Overlord x2  
  55  5:39  Drone  
  55  5:40  Drone  
  57  5:46  Drone x5  
  57  5:47  Overlord  
  62  5:54  Evolution Chamber  
  62  5:55  Evolution Chamber  
  60  5:59  Drone  
  60  6:00  Hydralisk Den  
  60  6:21  Zerg Ground Armor Level 1, Zerg Missile Weapons Level 1  
  60  6:22  Drone  
  60  6:23  Drone x6  
  66  6:40  Grooved Spines  
  66  6:42  Drone x3  
  66  6:43  Drone x6  
  69  6:54  Drone x3  
  69  6:57  Spore Crawler  
  70  7:21  Drone x2  
  70  7:22  Drone x7  
  79  7:24  Drone  
  79  7:25  Drone  
  79  7:27  Extractor  
  79  7:28  Extractor  
  78  7:44  Hatchery  
  78  7:46  Drone x3  
  80  7:53  Spore Crawler  
  79  7:58  Hydralisk  
  79  7:59  Hydralisk x8  
  97  8:13  Overlord x3  
Tags
 
Add a new tag
Caveats
  • Supply blocks, unpowered buildings, or Contaminate may cause inaccurate times.
  • Supply counts are checked every 10 seconds.